 Dungeon Crawl Stone Soup version 0.31-a0-1278-g11c5b68 (webtiles) character file.

Game seed: 1562422867479777081

66 gompami the Caller (level 4, 0/28 HPs)
             Began as a Kobold Summoner on Dec 17, 2023.
             Killed from afar by Natasha (7 damage)
             ... with a magic dart
             ... on level 2 of the Dungeon.
             The game lasted 00:05:42 (1407 turns).

gompami the Caller (Kobold Summoner)                Turns: 1407, Time: 00:05:43

Health: 0/28       AC:  2    Str:  5    XL:     4   Next: 37%
Magic:  1/7        EV: 15    Int: 18    God:
Gold:   14         SH:  0    Dex: 15    Spells: 1/7 levels left

rFire   . . .        h - +0 dagger
rCold   . . .        (no shield)
rNeg    . . .        a - +0 robe
rPois   .            (no helmet)
rElec   .            (no cloak)
rCorr   .            (no gloves)
SInv    .            (no boots)
Will    .....        (no amulet)
Stlth   +++          (no ring)
HPRegen 0.24/turn    (no ring)
MPRegen 0.10/turn

%: no passive effects
@: inugami summoned
A: small, no large weapons, nightstalker 3
a: no special abilities


You were on level 2 of the Dungeon.
You visited 1 branch of the dungeon, and saw 2 of its levels.

You collected 14 gold pieces.

Inventory:

Hand Weapons
 g - a +0 short sword
 h - a +0 dagger (weapon)
Armour
 a - a +0 robe (worn)
Talismans
 e - a serpent talisman
Scrolls
 f - a scroll of identify {unknown}
Potions
 b - a potion of magic
 c - a potion of cancellation {unknown}
 d - a potion of heal wounds {unknown}
 i - a potion of brilliance {unknown}


   Skills:
 - Level 3.0 Fighting
 + Level 1.5 Short Blades
 - Level 2.4 Dodging
 - Level 2.6 Stealth
 - Level 2.1 Spellcasting
 + Level 4.4 Summonings


You had one spell level left.
You knew the following spells:

 Your Spells              Type           Power      Damage    Failure   Level
a - Summon Small Mammal   Summ           72%        N/A       2%          1
b - Call Imp              Summ           36%        N/A       4%          2
c - Call Canine Familiar  Summ           18%        N/A       9%          3

Your spell library contained the following spells:

 Spells                   Type           Power      Damage    Failure   Level
 Summon Guardian Golem    Hex/Summ       10%        N/A       22%         3
 Summon Lightning Spire   Summ/Air       10%        N/A       56%         4


Dungeon Overview and Level Annotations

Branches:
Dungeon (2/15)

Altars:

Annotations:
D:2 Natasha, Sigmund


Innate Abilities, Weirdness & Mutations

You are small and have problems with some larger weapons.
You are completely attuned to the shadows.


Message History

Your cerulean imp disappears in a puff of smoke!
A magic dart appears from out of thin air!
The magic dart hits your inugami but does no damage.
Your inugami hits something. Something closely misses your inugami.
Your inugami hits something. Something misses your inugami.
Your inugami closely misses something.
Natasha, Servant of Life and Death comes into view.
Your inugami hits something. Something barely misses your inugami.
Your inugami barely misses something.
You swap places.
Your inugami hits something.
Okay, then.
Okay, then.
Something hits you but does no damage.
Casting: Summon Small Mammal (safe; 2% risk of failure)
Confirm with . or Enter, or press ? or * to list all spells.
Okay, then.
What are your orders? t - Shout!
Orders for allies: a - Attack new target. r - Retreat! s - Stop attacking. g - Guard the area. f - Follow me.
Anything else - Cancel.
Gang up on whom?
Press: ? - help, Dir - move target There's nothing there!
Natasha claws your quokka!
Your quokka dies!
Your quokka's corpse disappears in a puff of smoke!
Your inugami hits something.
Casting: Summon Small Mammal (safe; 2% risk of failure)
Confirm with . or Enter, or press ? or * to list all spells.
A tiny devil pulls itself out of the air.
Something hits your inugami. Natasha claws you!
* * * LOW HITPOINT WARNING * * *
Your inugami barely misses something.
You swap places.
Your quokka closely misses Natasha.
Natasha stares at you and mumbles some strange words.
The magic dart hits you!
You die...
Natasha begins licking her fur clean.

.. ... ... .# ....##
#.# ###.. .....## #.#
##....
.....@######.####5..##
......5##(..†.........
...†..hr{h##.####...##
.%...†.#.....##.<).###
......##..#####.##.# #
.....###..####...#.# #
....####...........# #
... ##...####...### #
##........ .# #


You could see Natasha (ally target), a friendly cerulean imp (summoned) and a
friendly quokka (summoned).

Vanquished Creatures
  An endoplasm (D:1)
  A giant cockroach (D:1)
  3 goblins (D:1)
  A jackal (D:1)
  A quokka (D:1)
  A ball python (D:1)
  2 bats
  3 rats (D:1)
13 creatures vanquished.

Vanquished Creatures (collateral kills)
  Natasha (D:2)
  An adder (D:2)
  An orc (D:2)
  2 endoplasms
  A giant cockroach (D:1)
  2 goblins
  2 hobgoblins (D:1)
  A jackal (D:1)
  4 ball pythons
  2 kobolds (D:1)
  A rat (D:2)
18 creatures vanquished.

Grand Total: 31 creatures vanquished

Notes
Turn   | Place    | Note
-------+----------+-------------------------------------------
     0 | D:1      | gompami the Kobold Summoner began the quest for the Orb.
     0 | D:1      | Reached XP level 1. HP: 10/10 MP: 3/3
   115 | D:1      | Reached skill level 1 in Fighting
   304 | D:1      | Reached XP level 2. HP: 10/17 MP: 1/5
   332 | D:1      | Learned a level 2 spell: Call Imp
   901 | D:1      | Reached XP level 3. HP: 21/22 MP: 1/6
  1133 | D:1      | Learned a level 3 spell: Call Canine Familiar
  1295 | D:2      | Noticed Natasha
  1297 | D:2      | Noticed Sigmund
  1387 | D:2      | Killed Natasha
  1388 | D:2      | Reached skill level 1 in Short Blades
  1388 | D:2      | Reached XP level 4. HP: 15/28 MP: 1/7
  1401 | D:2      | Noticed Natasha
  1407 | D:2      | Killed from afar by Natasha

Illustrated notes

Levels and vault maps discovered:
D:1:      evilmike_arrival_crescent, layout_loops_ring
D:2:      minmay_spotlight, layout_loops_ring, ebering_ecumenical_altar_mist,
          nicolae_figureground_pulse, uniq_robin, uniq_sigmund, uniq_natasha

Skill      XL: |  1  2  3 |
---------------+----------+-----
Fighting       | 1 2 3 |  3.0
Short Blades   | 1 |  1.5
Dodging        | |  2.4
Stealth        | |  2.6
Spellcasting   | |  2.1
Summonings     | |  4.4

Action                     |  1- 3 |  4- 6 || total
---------------------------+-------+-------++-------
  Melee: Mace              |    23 |       ||    23
         Short sword       |    11 |       ||    11
         Dagger            |     8 |       ||     8
   Cast: Summon Small Mamm |    19 |       ||    19
         Call Imp          |    10 |     1 ||    11
         Call Canine Famil |     4 |       ||     4
   Stab: Sleeping          |     7 |       ||     7
         Distracted        |     1 |       ||     1
 Armour: Robe              |    23 |     4 ||    27
  Dodge: Dodged            |    54 |       ||    54

Table legend: (Time is in decaauts)
 A = Elapsed time spent in this place.
 B = Non-inter-level travel time spent in this place.
 C = Inter-level travel time spent in this place.
 D = Time resting spent in this place.
 E = Time spent auto-exploring this place.
 F = Levels seen in this place.
 G = Mean time per level.
                   A        B        C        D        E       F      G
               +--------+--------+--------+--------+--------+-----+--------+
         Total |   1420 |   1382 |     38 |     25 |   1002 |   2 |  710.0 |
       Dungeon |   1420 |   1382 |     38 |     25 |   1002 |   2 |  710.0 |
               +--------+--------+--------+--------+--------+-----+--------+

Top non-repeatable levels by time:
     D:1: 1191 daAuts
     D:2: 228 daAuts
